Map: Alcyone LE

Players

Djorjx - Winner!

  • Race: Terran Terran
  • League: Master
  • Spawn Location: 1:00

Rengen

  • Race: Protoss Protoss
  • League: Grandmaster
  • Spawn Location: 7:00

VOD

Have the link to the VOD?

Description

Time

  • Played on: Dec. 6, 2023, 6:17 p.m.
  • Length: 7:38
Show
View Real Time Build Order
Export as new Build Order

Djorjx Terran - Winner!

Build Orders: Reaper Expand 

Get SALT Encoding   

  12  0:00  SCV  
  13  0:12  SCV  
  14  0:17  Supply Depot  
  14  0:24  SCV  
  15  0:39  SCV  
  15  0:40  Barracks  
  16  0:43  Refinery  
  16  0:51  SCV  
  17  1:03  SCV  
  18  1:15  SCV  
  19  1:28  Orbital Command, Reaper  
  20  1:41  Command Center  
  20  1:53  Supply Depot  
  20  1:54  SCV  
  21  1:59  Marine  
  22  2:06  SCV  
  23  2:08  Factory  
  23  2:18  SCV  
  23  2:19  Bunker  
  23  2:22  Barracks Reactor  
  24  2:25  Refinery  
  24  2:30  SCV  
  25  2:42  SCV  
  26  2:53  Hellion  
  26  2:54  Starport  
  26  2:57  SCV  
  29  2:58  Orbital Command  
  29  3:00  Marine x2  
  31  3:09  SCV  
  32  3:17  Widow Mine  
  34  3:21  SCV  
  34  3:25  SCV  
  36  3:27  Marine x2  
  36  3:28  Supply Depot  
  36  3:32  Medivac  
  36  3:33  SCV  
  41  3:37  SCV  
  40  3:48  Marine x2  
  40  3:49  Widow Mine  
  40  3:52  SCV x2  
  46  4:02  Barracks  
  46  4:04  Barracks, SCV x2  
  46  4:07  Starport Tech Lab, Marine x2  
  50  4:12  Supply Depot  
  50  4:13  Factory Tech Lab  
  50  4:16  SCV x2  
  52  4:24  Supply Depot  
  52  4:25  Marine x2  
  54  4:34  Raven, Siege Tank, SCV x2  
  61  4:42  Engineering Bay  
  61  4:43  Refinery  
  61  4:46  SCV x2  
  63  4:58  SCV  
  63  4:59  Marine x4  
  67  5:00  SCV  
  67  5:06  Supply Depot, Refinery  
  65  5:10  SCV  
  65  5:14  SCV  
  64  5:15  Terran Infantry Weapons Level 1  
  64  5:17  Marine, Supply Depot  
  64  5:18  Starport Reactor  
  64  5:21  Factory Reactor  
  65  5:22  SCV  
  65  5:26  Stimpack, SCV  
  65  5:28  Marine x3  
  69  5:34  SCV  
  71  5:38  Supply Depot  
  71  5:42  Combat Shield  
  71  5:43  Marine  
  71  5:45  Marine  
  71  5:46  Command Center  
  72  5:51  Supply Depot  
  72  5:54  Marauder x2  
  76  6:01  Medivac x2  
  76  6:04  Supply Depot  
  80  6:05  Supply Depot  
  80  6:10  Supply Depot  
  80  6:13  Widow Mine x2, SCV x2  
  86  6:25  SCV x2, Marine x2  
  94  6:26  Marauder x2, Supply Depot  
  94  6:31  Medivac x2  
  98  6:41  Barracks  
  98  6:43  Barracks  
  98  6:46  Marine  
  98  6:47  Widow Mine x2  
  103  6:50  Marauder  
  105  6:54  SCV x2  
  105  6:58  Marauder, Marine  
  109  7:04  Orbital Command  
  109  7:06  SCV x2  
  111  7:14  Marauder, Marine  
  114  7:23  SCV x2  
  114  7:33  Barracks Reactor  
Show
View Real Time Build Order
Export as new Build Order

Rengen Protoss 

Build Orders: 1 Gate Expand, Blink Stalkers 

Get SALT Encoding   

  12  0:00  Probe  
  13  0:12  Probe  
  14  0:17  Pylon  
  14  0:24  Probe (Chrono Boost)  
  15  0:36  Gateway, Probe (Chrono Boost)  
  16  0:44  Probe (Chrono Boost)  
  16  0:45  Assimilator  
  17  0:51  Probe  
  18  1:03  Probe  
  19  1:15  Probe  
  20  1:24  Cybernetics Core  
  20  1:33  Nexus  
  20  1:36  Probe  
  21  1:42  Assimilator  
  21  1:48  Pylon  
  21  1:51  Probe  
  22  2:02  Warp Gate  
  22  2:03  Probe (Chrono Boost)  
  22  2:04  Adept (Chrono Boost)  
  26  2:15  Probe (Chrono Boost)  
  26  2:21  Twilight Council, Probe (Chrono Boost)  
  29  2:31  Stalker  
  29  2:32  Probe  
  30  2:45  Probe  
  30  2:50  Probe  
  32  2:52  Blink (Chrono Boost)  
  32  2:57  Probe  
  33  3:02  Probe  
  34  3:08  Gateway  
  34  3:09  Probe  
  35  3:14  Probe  
  36  3:21  Probe  
  36  3:22  Robotics Facility  
  36  3:26  Probe  
  38  3:31  Stalker  
  38  3:33  Probe  
  41  3:36  Pylon  
  41  3:39  Probe  
  42  3:45  Probe  
  40  3:51  Probe  
  40  3:57  Probe  
  40  4:03  Probe  
  40  4:04  Stalker  
  40  4:07  Warp Prism (Chrono Boost)  
  40  4:09  Probe  
  46  4:18  Nexus  
  46  4:22  Probe  
  46  4:23  Probe  
  48  4:26  Stalker  
  50  4:34  Probe  
  50  4:35  Probe  
  50  4:36  Observer  
  53  4:44  Pylon  
  53  4:46  Probe  
  54  5:00  Probe (Chrono Boost)  
  54  5:03  Stalker x2  
  54  5:06  Probe (Chrono Boost)  
  57  5:11  Observer (Chrono Boost)  
  57  5:12  Probe (Chrono Boost)  
  60  5:14  Charge (Chrono Boost)  
  60  5:17  Probe x2 (Chrono Boost)  
  61  5:24  Assimilator  
  61  5:26  Assimilator, Probe  
  61  5:28  Pylon  
  62  5:30  Probe  
  62  5:31  Probe  
  64  5:41  Gateway, Probe  
  64  5:42  Probe  
  66  5:44  Gateway  
  66  5:49  Stalker, Probe (Chrono Boost)  
  68  5:52  Stalker  
  68  5:55  Probe (Chrono Boost)  
  72  6:05  Probe (Chrono Boost)  
  72  6:06  Gateway  
  72  6:07  Probe x2 (Chrono Boost)  
  73  6:12  Probe (Chrono Boost)  
  73  6:13  Probe (Chrono Boost)  
  73  6:14  Probe (Chrono Boost)  
  74  6:21  Stalker x2  
  74  6:24  Probe (Chrono Boost)  
  81  6:28  Probe (Chrono Boost)  
  81  6:31  Forge, Probe (Chrono Boost)  
  81  6:34  Probe (Chrono Boost)  
  81  6:36  Probe (Chrono Boost)  
  81  6:37  Probe (Chrono Boost)  
  84  6:42  Probe  
  84  6:48  Robotics Bay  
  84  6:52  Pylon  
  84  6:57  Pylon  
  84  7:00  Shield Battery  
  84  7:07  Pylon  
  84  7:13  Stalker  
  84  7:14  Stalker  
  92  7:20  Zealot x2  
  92  7:21  Zealot  
  98  7:24  Pylon  
Tags
 
Add a new tag
Caveats
  • Supply blocks, unpowered buildings, or Contaminate may cause inaccurate times.
  • Supply counts are checked every 10 seconds.